 Dungeon Crawl Stone Soup version 0.18.1-48-g4cf74bf (webtiles) character file.

142 Kisielow the Changer (level 5, 0/37 HPs)
             Began as a Merfolk Transmuter on Aug 11, 2016.
             Succumbed to an adder's poison
             ... on level 2 of the Dungeon.
             The game lasted 00:06:22 (3471 turns).

Kisielow the Changer (Merfolk Transmuter)           Turns: 3471, Time: 00:06:23

Health: 0/37       AC:  5    Str: 10    XL:     5   Next: 25%
Magic:  8/8        EV: 13    Int: 14    God:
Gold:   72         SH:  0    Dex: 14    Spells: 2 memorised, 4 levels left

rFire  . . .     SeeInvis .       - Unarmed
rCold  . . .     Gourm    .     b - +0 robe
rNeg   . . .     Faith    .     (no shield)
rPois  .         Spirit   .     g - +2 helmet
rElec  .         Dismiss  .     (no cloak)
rCorr  .         Reflect  .     (no gloves)
SustAt .         Harm     .     (no boots)
MR     .....                    (no amulet)
Stlth  +.........               (no ring)
                                (no ring)

@: lethally poisoned (0 -> -1), not resistant to hostile enchantments, very
unstealthy
A: change form in water, swift swim
a: no special abilities


You were on level 2 of the Dungeon.
You were not hungry.

You visited 1 branch of the dungeon, and saw 3 of its levels.

You collected 72 gold pieces.

Inventory:

Missiles
 a - 12 arrows
Armour
 b - a +0 robe (worn)
 g - a +2 helmet (worn)
Scrolls
 f - 2 scrolls of enchant weapon
 k - a scroll of magic mapping
Potions
 e - a potion of cancellation
 j - a potion of might
 l - a potion of flight
Books
 c - a book of Changes

   Spells                             Type                      Level
   a - Beastly Appendage              Transmutation                1
   b - Sticks to Snakes               Transmutation                2
   c - Spider Form                    Transmutation/Poison         3
   d - Ice Form                       Ice/Transmutation            4
   e - Blade Hands                    Transmutation                5
Comestibles
 d - 2 bread rations
 h - a beef jerky


   Skills:
 - Level 1.1 Fighting
 - Level 2.6 Dodging
 - Level 4.4 Unarmed Combat
 - Level 2.0 Spellcasting
 * Level 5.9 Transmutations


You had 4 spell levels left.
You knew the following spells:

 Your Spells              Type           Power        Failure   Level  Hunger
a - Beastly Appendage     Trmt           ###...       2%          1    ##.....
q - Spider Form           Trmt/Pois      #.........   24%         3    ####...


Dungeon Overview and Level Annotations

Branches:
Dungeon (3/15)

Altars:
Pakellas


Message History

Okay, then.
* * * LOW HITPOINT WARNING * * *
You feel sick.
There is a lethal amount of poison in your body!
* * * LOW HITPOINT WARNING * * *
You feel sick.
* * * LOW HITPOINT WARNING * * *
You feel sick.
* * * LOW HITPOINT WARNING * * *
You feel sick.
* * * LOW HITPOINT WARNING * * *
You feel sick.
* * * LOW HITPOINT WARNING * * *
You feel sick.
* * * LOW HITPOINT WARNING * * *
You feel sick.
There is a stone staircase leading down here.
* * * LOW HITPOINT WARNING * * *
You feel sick.
You die...

.##.####..#.#..#
#.# ##.##
...............#
#.# #.#
.#######.......#
#.# ##.## ##
#.......#
#.#######...####
# ##......#
#.#.......#.....
##### #....).#
#.#.#####...###.
....### #.##...#
#.#.# ##.## #.
......#
#.##...###.#.##
#.# #. ###.#.#
#....>..@.....#
#.# #. ###.#.#
#####..#####..#
#.# #รท
..#.#.#######..#
#..# #.# #.
#.=............#
#..# #.# #.
###........###.#
#..#####.####. #
###.####.....#
#.............
#.# #######
##.#####.#####
#.# #.# #.##
#####.# #.# #..#


There were no monsters in sight!

Vanquished Creatures
  Robin (D:2)
  6 adders (D:2)
  An ooze (D:1)
  A worm (D:2)
  2 dart slugs
  5 giant geckos
  2 giant cockroaches
  11 goblins
  6 hobgoblins
  7 jackals
  7 kobolds
  A ball python (D:1)
  4 bats
  5 giant newts
  5 rats
64 creatures vanquished.

Notes
Turn   | Place    | Note
--------------------------------------------------------------
     0 | D:1      | Kisielow the Merfolk Transmuter began the quest for the Orb.
     0 | D:1      | Reached XP level 1. HP: 15/15 MP: 3/3
   150 | D:1      | Reached XP level 2. HP: 14/21 MP: 3/5
   694 | D:1      | Reached XP level 3. HP: 26/26 MP: 6/6
   699 | D:1      | Learned a level 3 spell: Spider Form
   861 | D:1      | Reached skill level 3 in Transmutations
  1635 | D:2      | Found an oddly glowing altar of Pakellas.
  1686 | D:2      | Reached skill level 4 in Transmutations
  1905 | D:2      | Noticed Robin
  1931 | D:2      | Killed Robin
  1931 | D:2      | Reached XP level 4. HP: 5/32 MP: 7/7
  1931 | D:2      | HP: 1/32 [goblin/dagger[Robin] (4)]
  2716 | D:2      | Reached skill level 5 in Transmutations
  3116 | D:2      | Reached XP level 5. HP: 28/37 MP: 8/8
  3463 | D:2      | HP: 1/37 [poisoned by an adder]
  3471 | D:2      | Succumbed to an adder's poison

Skill      XL: |  1  2  3  4 |
---------------+-------------+-----
Unarmed Combat | 4 |  4.4
Transmutations | 4 5 |  5.9
Fighting       | |  1.1
Dodging        | |  2.6
Spellcasting   | |  2.0

Action                   |  1- 3 |  4- 6 || total
-------------------------+-------+-------++-------
Melee: Unarmed           |   120 |   118 ||   238
       Headbutt          |     3 |       ||     3
       Punch             |       |     1 ||     1
 Cast: Beastly Appendage |     3 |       ||     3
       Spider Form       |       |     1 ||     1
  Use: Scroll            |     4 |     6 ||    10
       Potion            |     1 |       ||     1
 Stab: Sleeping          |     2 |       ||     2
  Eat: Chunk             |     3 |     5 ||     8
Armor: Robe              |    19 |    29 ||    48
       Skin              |     4 |       ||     4
Dodge: Dodged            |    76 |    77 ||   153
